 Dungeon Crawl Stone Soup version 0.29-a0-972-g43c84944fd (webtiles) character file.

Game seed: 11740947415296832743

2140 Glafi the Protected (level 9, -1/66 (81) HPs)
             Began as a Minotaur Fighter on July 31, 2022.
             Slain by a wight
             ... wielding a +4 trident
              (3 damage)
             ... on level 7 of the Dungeon.
             The game lasted 00:39:08 (7863 turns).

Glafi the Protected (Minotaur Fighter)              Turns: 7863, Time: 00:39:09

HP:   -1/66 (81)    AC: 11    Str: 24    XL:     9   Next: 9%
MP:   0/8           EV:  8    Int:  5    God:
Gold: 253           SH:  5    Dex: 11    Spells: 8/8 levels left

rFire   + . .      SeeInvis .   a - +0 trident
rCold   . . .      Faith    .   c - +0 buckler
rNeg    . . .      Spirit   +   u - +0 chain mail {rF+}
rPois   .          Reflect  .   (helmet restricted)
rElec   .          Harm     .   (no cloak)
rCorr   +          Rampage  .   (no gloves)
Will    .....                   (no boots)
Stlth   ..........              t - amulet of guardian spirit
HPRegen 0.21/turn               w - ring of resist corrosion
MPRegen 0.11/turn               (no ring)

@: heavily drained
A: horns 2, retaliatory headbutt
a: no special abilities


You were on level 7 of the Dungeon.
You visited 1 branch of the dungeon, and saw 7 of its levels.

You collected 361 gold pieces.
You spent 108 gold pieces at shops.

Inventory:

Hand Weapons
 a - a +0 trident (weapon)
 C - a +2 dagger of venom
Missiles
 r - a throwing net (quivered)
Armour
 b - a +0 scale mail
 c - a +0 buckler (worn)
 u - a +0 chain mail of fire resistance (worn)
Jewellery
 t - an amulet of guardian spirit (around neck)
 w - a ring of resist corrosion (left hand)
 y - an amulet of regeneration
Wands
 p - a wand of roots (4)
 q - a wand of light (8)
Scrolls
 f - 3 scrolls of poison {unknown}
 g - 5 scrolls of identify
 i - 2 scrolls of vulnerability {unknown}
 l - 3 scrolls of enchant weapon {unknown}
 m - 2 scrolls of immolation
 n - 2 scrolls of teleportation {unknown}
 x - a scroll of fear
 B - a scroll of blinking {unknown}
Potions
 d - a potion of might
 e - 2 potions of mutation {unknown}
 h - a potion of flight {unknown}
 k - a potion of ambrosia {unknown}
 o - a potion of magic {unknown}
 s - a potion of degeneration {unknown}
 v - a potion of attraction {unknown}
 z - a potion of heal wounds {unknown}
Miscellaneous
 A - a phial of floods


   Skills:
 * Level 8.0 Fighting
 + Level 8.4 Polearms
 + Level 8.9 Armour
 + Level 2.3 Dodging
 + Level 0.3 Stealth
 + Level 5.4 Shields


You had 8 spell levels left.
You didn't know any spells.
Your spell library contained the following spells:

 Spells                   Type           Power      Damage    Failure   Level
 Apportation              Tloc           0%         N/A       98%         1
 Magic Dart               Conj           0%         1d3       98%         1
 Necrotise                Necr           0%         1d4       98%         1
 Summon Small Mammal      Summ           0%         N/A       98%         1
 Call Imp                 Summ           0%         N/A       99%         2
 Call Canine Familiar     Summ           0%         N/A       100%        3
 Gell's Gravitas          Tloc           0%         N/A       100%        3
 Mephitic Cloud           Conj/Pois/Air  0%         N/A       100%        3
 Portal Projectile        Hex/Tloc       0%         N/A       100%        3
 Summon Guardian Golem    Hex/Summ       0%         N/A       100%        3
 Teleport Other           Tloc           0%         N/A       100%        3
 Leda's Liquefaction      Hex/Erth       0%         N/A       100%        4
 Dispersal                Tloc           0%         N/A       100%        6
 Orb of Destruction       Conj           0%         9d5       100%        7
 Spellforged Servitor     Conj/Summ      0%         N/A       100%        7
 Disjunction              Tloc           0%         N/A       100%        8


Dungeon Overview and Level Annotations

Branches:
Dungeon (7/15)             Temple (0/1) D:4

Altars:
Gozag
Makhleb
Okawaru
Sif Muna
Yredelemnul

Shops:
D:1 (   D:3 *   D:5 *


Innate Abilities, Weirdness & Mutations

You have a pair of horns on your head.
You reflexively headbutt those who attack you in melee.


Message History

The wight hits you with a +0 hand axe. The wight barely misses you.
The wight hits you but does no damage.
You hit the wight but do no damage.
The wight is heavily damaged.
The wight hits you from afar with a +4 trident.
* * * LOW HITPOINT WARNING * * *
You feel drained. The wight hits you but does no damage.
The wight hits you from afar with a +0 spear.
* * * LOW HITPOINT WARNING * * *
You feel better.
The wight hits you from afar with a +4 trident.
The wight closely misses you. The wight barely misses you.
You hit the wight.
The wight is severely damaged.
The wight hits you but does no damage.
The wight hits you from afar with a +4 trident.
* * * LOW HITPOINT WARNING * * *
The wight hits you from afar with a +0 spear.
* * * LOW HITPOINT WARNING * * *
You feel drained.
* * * LOW HITPOINT WARNING * * *
You puncture the wight!
You destroy the wight!
The wight hits you with a +4 trident!
* * * LOW HITPOINT WARNING * * *
You feel drained.
* * * LOW HITPOINT WARNING * * *
The wight closely misses you.
Items here: ))) [[[.
You hit the wight but do no damage. The wight hits you but does no damage.
The wight hits you with a +0 spear.
* * * LOW HITPOINT WARNING * * *
You feel drained.
* * * LOW HITPOINT WARNING * * *
You hit the wight.
The wight is heavily damaged.
The wight hits you with a +0 spear.
* * * LOW HITPOINT WARNING * * *
The wight hits you with a +4 trident.
You die...

# ######### # #.......# #
#.......# ##########
#.......# #........)
#.......# #.........
#.......# #......)..
#..zz...####......... #@#
##...........
#.####...........#
##.##...#.........# .##
##..##.###.........#
....##..##).##..........#
#.....#.[.....##########
....#....#))#### ###
..#........## #<. .
##.#......... #.#


You could see 2 wights.

Vanquished Creatures
  A steam dragon (D:4)
  A vampire mosquito (D:6)
  2 ice beasts
  An ogre (D:3)
  3 phantoms
  2 bullfrogs (D:6)
  3 wights (D:7)
  An orc priest (D:4)
  2 gnoll boudas
  3 jellies
  5 hounds
  10 iguanas
  2 orc wizards
  A hound zombie (D:3)
  12 gnolls
  4 adders
  2 river rats (D:6)
  A white imp (D:5)
  An ufetubus (D:4)
  An adder zombie (D:3)
  3 worms (D:2)
  A dart slug (D:1)
  23 orcs
  2 ball pythons
  11 endoplasms
  3 giant cockroaches
  8 goblins
  12 hobgoblins
  2 jackals (D:2)
  3 quokkas
  8 bats
  3 frilled lizards
  5 kobolds
  11 rats
153 creatures vanquished.

Vanquished Creatures (others)
  The ghost of Libelnon the Magician, a novice DEAE (D:6)
1 creature vanquished.

Grand Total: 154 creatures vanquished

Notes
Turn   | Place    | Note
-------+----------+-------------------------------------------
     0 | D:1      | Glafi the Minotaur Fighter began the quest for the Orb.
     0 | D:1      | Reached XP level 1. HP: 19/19 MP: 0/0
   227 | D:1      | Found a faded altar of an unknown god.
   340 | D:1      | Found Gaxips's Weapon Shop.
   356 | D:1      | Reached XP level 2. HP: 27/27 MP: 1/1
  1311 | D:2      | Reached XP level 3. HP: 33/33 MP: 2/2
  2019 | D:3      | Reached XP level 4. HP: 35/41 MP: 3/3
  2328 | D:3      | Found Qoadial's General Store.
  2336 | D:3      | Bought a scroll of identify for 24 gold pieces
  2570 | D:3      | Noticed an ogre
  2576 | D:3      | Killed an ogre
  2577 | D:3      | Reached XP level 5. HP: 47/47 MP: 4/4
  2633 | D:3      | Reached skill level 5 in Polearms
  2652 | D:3      | Found a basalt altar of Yredelemnul.
  2846 | D:3      | Reached skill level 5 in Fighting
  3209 | D:4      | Reached skill level 5 in Armour
  3209 | D:4      | Reached XP level 6. HP: 45/56 MP: 5/5
  3481 | D:4      | Found a staircase to the Ecumenical Temple.
  3615 | D:4      | Reached skill level 1 in Dodging
  3675 | D:4      | Found an opulent altar of Gozag.
  3950 | D:4      | Found a burning altar of Makhleb.
  4370 | D:5      | Entered Level 5 of the Dungeon
  4432 | D:5      | Noticed an ice beast
  4448 | D:5      | Killed an ice beast
  4449 | D:5      | Reached XP level 7. HP: 36/62 MP: 3/6
  4611 | D:5      | Noticed a steam dragon
  4650 | D:4      | Killed a steam dragon
  4650 | D:4      | HP: 1/62 [something (5)]
  5555 | D:5      | Reached XP level 8. HP: 59/71 MP: 7/7
  5825 | D:5      | Found Ticy's General Store.
  5830 | D:5      | Bought a potion of curing for 36 gold pieces
  5830 | D:5      | Bought a scroll of fear for 48 gold pieces
  5854 | D:5      | Reached skill level 5 in Shields
  6296 | D:6      | Found a shimmering blue altar of Sif Muna.
  6297 | D:6      | Found an iron altar of Okawaru.
  7084 | D:6      | Found a runed translucent door.
  7085 | D:6      | Noticed Libelnon's ghost (novice DEAE)
  7260 | D:6      | Killed Libelnon's ghost
  7766 | D:7      | Reached XP level 9. HP: 65/81 MP: 6/8
  7863 | D:7      | HP: 2/66 [wight/+0 spear (2)]
  7863 | D:7      | Slain by a wight

Illustrated notes

Levels and vault maps discovered:
D:1:      minmay_arrival_stair_chambers, layout_basic, serial_shops, shop,
          shapermc_ecumenical_altar_acropolis
D:2:      layout_loops_ring
D:3:      layout_loops_ring, lemuel_zombie_altar_yredelemnul, serial_shops, shop
D:4:      layout_gridville, mainiacjoe_overflow_concentric_impassable,
          amcnicky_altar_gilded, minmay_temple_entry_metal_lava
D:5:      nicolae_BIG_FREAKIN_CUBE, layout_loops_ring, serial_shops, shop,
          minivault_26
D:6:      layout_basic, mainiacjoe_overflow_divided_tiny,
          ebering_ghost_inner_flame, portal_sewer_entry_e
D:7:      layout_rooms, nicolae_shop_i_like_big_books, roderic_lattice_a,
          uniq_duvessa

Skill      XL: |  1  2  3  4  5  6  7  8  9 |
---------------+----------------------------+-----
Armour         | 4 5 6 7 8 |  8.9
Polearms       | 3 4 5 6 8 |  8.4
Fighting       | 4 5 6 7 8 |  8.0
Shields        | 4 5 |  5.4
Dodging        | 1 2 |  2.3
Stealth        | |  0.3

Action                   |  1- 3 |  4- 6 |  7- 9 || total
-------------------------+-------+-------+-------++-------
Melee: Trident           |   107 |   127 |   223 ||   457
       Headbutt          |    19 |    21 |    45 ||    85
Evoke: Wand              |       |     2 |       ||     2
  Use: Potion            |       |       |     3 ||     3
Armor: Scale mail        |    40 |    38 |     8 ||    86
       Chain mail        |       |       |    75 ||    75
Dodge: Dodged            |    38 |    56 |    80 ||   174
Block: Buckler           |    19 |    19 |    40 ||    78

Table legend: (Time is in decaauts)
 A = Elapsed time spent in this place.
 B = Non-inter-level travel time spent in this place.
 C = Inter-level travel time spent in this place.
 D = Time resting spent in this place.
 E = Time spent auto-exploring this place.
 F = Levels seen in this place.
 G = Mean time per level.
                   A        B        C        D        E       F      G
               +--------+--------+--------+--------+--------+-----+--------+
         Total |   7903 |   7716 |    187 |   2215 |   4380 |   7 | 1129.0 |
       Dungeon |   7903 |   7716 |    187 |   2215 |   4380 |   7 | 1129.0 |
               +--------+--------+--------+--------+--------+-----+--------+

Top non-repeatable levels by time:
     D:4: 1660 daAuts
     D:6: 1411 daAuts
     D:5: 1377 daAuts
     D:1: 1288 daAuts
     D:3: 1196 daAuts
     D:2: 713 daAuts
     D:7: 256 daAuts
